 Dungeon Crawl Stone Soup version 0.21.1-1-g345015f (webtiles) character file.

57 Gurps the Conjurer (level 3, -1/19 HPs)
             Began as a Deep Elf Conjurer on Mar 24, 2018.
             Slain by an adder (5 damage)
             ... on level 2 of the Dungeon.
             The game lasted 00:04:37 (684 turns).

Gurps the Conjurer (Deep Elf Conjurer)               Turns: 684, Time: 00:04:37

Health: -1/19      AC:  2    Str:  6    XL:     3   Next: 73%
Magic:  1/9        EV: 13    Int: 19    God:
Gold:   23         SH:  0    Dex: 15    Spells: 7/8 levels left

rFire    . . .     SeeInvis .   g - +2 short sword (venom)
rCold    . . .     Gourm    +   (no shield)
rNeg     . . .     Faith    .   a - +0 robe
rPois    .         Spirit   .   (no helmet)
rElec    .         Reflect  .   (no cloak)
rCorr    .         Harm     .   (no gloves)
MR       .....                  (no boots)
Stlth    ++........             k - amulet of the gourmand
HPRegen  0.06/turn              (no ring)
MPRegen  0.11/turn              (no ring)

@: lethally poisoned (-1 -> -8)
A: no striking features
a: no special abilities


You were on level 2 of the Dungeon.
You were not hungry.

You visited 1 branch of the dungeon, and saw 2 of its levels.

You collected 23 gold pieces.

Inventory:

Hand Weapons
 e - a +0 short sword
 g - a +2 short sword of venom (weapon)
Armour
 a - a +0 robe (worn)
 d - a +0 robe
 j - a +2 buckler of reflection
Jewellery
 k - an amulet of the gourmand (around neck)
Scrolls
 h - a scroll of identify {unknown}
 i - a scroll of noise {unknown}
 l - a scroll of magic mapping {unknown}
Potions
 f - a potion of heal wounds {unknown}
 m - a potion of might {unknown}
 n - a potion of magic {unknown}
Books
 b - a book of Conjurations

   Spells                             Type                      Level
   a - Magic Dart                     Conjuration                  1
   b - Searing Ray                    Conjuration                  2
   c - Dazzling Spray                 Conjuration/Hexes            3
   d - Fulminant Prism                Conjuration/Hexes            4
   e - Force Lance                    Conjuration/Translocation    4
   f - Iskenderun's Mystic Blast      Conjuration                  4
Comestibles
 c - 2 rations


   Skills:
 - Level 2.6 Dodging
 - Level 2.5 Stealth
 - Level 3.0 Spellcasting
 + Level 5.8 Conjurations


You had 7 spell levels left.
You knew the following spells:

 Your Spells              Type           Power        Failure   Level  Hunger
a - Magic Dart            Conj           ####         1%          1    None


Dungeon Overview and Level Annotations

Branches:
Dungeon (1/15)

Altars:
Nemelex Xobeh


Message History

The adder closely misses you. The adder completely misses you.
The adder barely misses you.
You closely miss the adder.
The adder is heavily wounded.
The adder bites you.
You are poisoned.
The adder poisons you! The adder bites you. x2
* * * LOW HITPOINT WARNING * * *
You are lethally poisoned!
The adder poisons you!
Casting: Magic Dart
Confirm with . or Enter, or press ? or * to list all spells.
Aiming: Magic Dart
Press: ? - help, Shift-Dir - straight line, f/p - adder
Aim: an adder (almost dead)
The magic dart hits the adder.
You kill the adder!
* * * LOW HITPOINT WARNING * * *
You feel sick. The adder bites you.
You die...

.....#..........†.##..........#
......#.#####......##..........#
......#.#####..................#
....................#####.#.###
.............##..#### #.......
#..........##....#####.......
####....†.....##.##.............
#.......).....#..# ######.......
(##..........S@# #.......
..##..........### #.......
#..........#.# #...†...
#..........#..# #.......
..........#.##..#############.##
.......%#...............# #.#
..#......##.##.....†.>..# #.#
.#...#... ..##..........# #.#
...?....# #.##..........# #.##


You could see an adder.

Vanquished Creatures
  An adder (D:2)
  3 oozes (D:1)
  A dart slug (D:2)
  A ball python (D:2)
  6 bats
  2 giant cockroaches (D:2)
  5 goblins
  A hobgoblin (D:1)
  2 jackals (D:1)
  6 kobolds
  5 rats
33 creatures vanquished.

Notes
Turn   | Place    | Note
-------+----------+-------------------------------------------
     0 | D:1      | Gurps the Deep Elf Conjurer began the quest for the Orb.
     0 | D:1      | Reached XP level 1. HP: 10/10 MP: 6/6
    82 | D:1      | Reached XP level 2. HP: 15/15 MP: 2/8
   196 | D:1      | Reached skill level 5 in Conjurations
   453 | D:1      | Reached XP level 3. HP: 19/19 MP: 7/9
   475 | D:1      | You fall through a shaft!
   489 | D:2      | Found a sparkling altar of Nemelex Xobeh.
   684 | D:2      | Slain by an adder

Skill      XL: |  1  2 |
---------------+-------+-----
Conjurations   | 5 |  5.8
Dodging        | |  2.6
Stealth        | |  2.5
Spellcasting   | |  3.0

Action                   || total
-------------------------++-------
Melee: Short sword       ||     8
 Cast: Magic Dart        ||    57
Armor: Robe              ||     4
Dodge: Dodged            ||    27
